cohdb
Replays
Latest Replays
All Replays
Popular Replays
Top Player Replays
Match Explorer
How It Works
Community
CoH3 Stats
Reddit
Sign in to upload your games and track your stats! →
Sign in with Steam
Match 43692121
Unlisted
Match 43692121
Overview
Messages
Build Orders
End
Panzergrenadier Squad
Panzergrenadier Squad
250 Light Carrier
Selects Panzerjäger Kommand Battlegroup
Selects Mine Fields
Construct Light Support Kompanie
Selects GrB 39 Grenade Launcher Requisition
Fire Support Elements
Flakvierling Half-track
MG34 Team
Pak 38 Mechanized Group
Vehicle Survival Package
Combat Half-tracks
Veteran Squad Leaders
Construct Panzerarmee Kommand
Panzer III L Medium Tank
Pak 38 Mechanized Group
Selects Crew Shock Tactics
Panzer III L Medium Tank
2.5-tonne Medical Truck
Tungsten Core Ammunition
Advanced Optics
Emergency Repair Kits
Rapid Advance
Crew Shock Tactics
alphaelf
=[TLKDC]=TheLizardKingDC
TheKingOfGoats
std::shared_ptr<std::string>();
Bish Bash Bosh
gicobiwolfe
Blanco
MoriMusic
0
0
Comments
sign in to comment!
No comments posted yet!